Connexion

LAS VEGAS Golden Knights vs EDMONTON Oilers

Created - 3 septembre 2023 at 07:15

Goals
1 2 3 T
LAS VEGAS Golden Knights 1 1 0 2
EDMONTON Oilers 0 2 2 4
Shots
1 2 3 T
LAS VEGAS Golden Knights 7 14 11 32
EDMONTON Oilers 6 7 5 18

GoalsPenalties
1st period
1. LAS VEGAS Golden Knights , Artem Anisimov 3 (J.T. Miller 5, Nick Seeler 9) at 6:17
Rasmus Sandin (EDM) for Hooking (Minor) at 9:21
2nd period
2. EDMONTON Oilers , Ryan O'Reilly 7 (Nikolaj Ehlers 8, Arthur Kaliyev 3) at 0:18
3. EDMONTON Oilers , Roman Josi 3 (Ryan O'Reilly 9) at 0:38
4. LAS VEGAS Golden Knights , Cole Caufield 3 (Filip Hronek 4, Nick Seeler 10) at 4:34 (PP)
Rasmus Sandin (EDM) for Hooking (Minor) at 3:56
3rd period
5. EDMONTON Oilers , Ryan O'Reilly 8 (Nikolaj Ehlers 9, Tony DeAngelo 8) at 5:32 (PP)
6. EDMONTON Oilers , Nikolaj Ehlers 2 (Arthur Kaliyev 4, Jonas Siegenthaler 6) at 17:07
Nikita Zaitsev (L-V) for High sticking (Minor) at 4:46
Alexander Romanov (EDM) for Hooking (Minor) at 11:36
Goalie Stats
Dan Vladar (L-V), 14 saves from 18 shots - (0,778), L, 2-6-0, 60:00 minutes
Juuse Saros (EDM), 30 saves from 32 shots - (0,938), W, 6-4-1, 60:00 minutes
3 StarsOfficial
1 - Ryan O'Reilly (EDM)
2 - Nikolaj Ehlers (EDM)
3 - Arthur Kaliyev (EDM)
Referees : Don Koharski and Gord Dwyer
Linesman : Thor Nelson and Pierre Racicot
Game Note
No Game Note
Finance
Level 1 -- Attendance: 5877 (97,95%) -- Ticket Income 705 240 $
Level 2 -- Attendance: 3483 (90,73%) -- Ticket Income 355 266 $
Level 3 -- Attendance: 1825 (91,25%) -- Ticket Income 93 075 $
Level 4 -- Attendance: 2831 (70,78%) -- Ticket Income 113 240 $
Luxury Box -- Attendance: 1000 (100,00%) -- Ticket Income 240 000 $
Game was played at the Rexall Place.
Total Attendance: 15016 (89,17%)
Total Ticket Income: 1 506 821 $
Other Income: 301 364 $
Total Income: 1 808 185 $



Team Name Goals Shots Shots Attemp Shots Blocked PIM HIT PP PK FO%
LAS VEGAS Golden Knights 23260102201 / 3 (33%)159%
EDMONTON Oilers 41840116201 / 1 (100%)141%

LAS VEGAS Golden Knights
Player Name POS G A P +/- PIM HIT SHT SB MP PP MP PP SHT PK MP PK SHT FO% FOT
Alex GalchenyukC/LW0000004012:060:1500:1400% 0
Alex KerfootC/LW0000003011:370:0000:00050% 12
Artem AnisimovC/LW1010006018:322:1610:000100% 1
Brady SkjeiD000-1000018:270:3400:0000% 0
Cole CaufieldRW101-2012122:232:0510:0000% 1
Filip HronekD011-2000123:352:3500:1400% 0
J.T. MillerC/LW/RW0110012018:462:1600:14064% 28
Jack JohnsonD0001001316:310:0000:3200% 0
Jakub ZborilD000-2010122:341:2700:1400% 0
Joona KoppanenC/LW000003006:270:0000:0000% 0
Keegan KolesarRW0000010011:520:1500:0000% 0
Kirby DachC/RW000000006:270:0000:00083% 6
Luke KuninC/RW0000034118:322:1610:00050% 2
Nick SeelerD0221030119:182:5400:3200% 0
Nikita ZaitsevD000-1221119:341:4200:0000% 0
Pavel ZachaC/LW000-2035022:552:0500:32058% 24
Philip KurashevC/LW/RW000000206:270:0000:0000% 0
Ryan Nugent-HopkinsC/LW000-2022123:102:2010:32025% 4
EDMONTON Oilers
Player Name POS G A P +/- PIM HIT SHT SB MP PP MP PP SHT PK MP PK SHT FO% FOT
Alexander RomanovD0000210320:370:0000:4900% 0
Anthony CirelliC000-1020011:440:0000:0000% 0
Arthur KaliyevRW0223020017:010:0000:0000% 0
Casey CizikasC000000006:310:1400:00011% 9
Clayton KellerC/LW/RW0000021120:460:0001:1000% 0
Dylan StromeC000-1002111:440:0000:00028% 18
Jack QuinnRW000-1000011:440:0000:0000% 0
Jonas SiegenthalerD0110020215:560:0001:1100% 0
Mackenzie EntwistleRW000002106:490:3200:0000% 0
Mitch MarnerRW0000014019:360:0000:000100% 1
Nico HischierC0000000020:460:0001:10026% 19
Nikolaj EhlersLW1233013021:130:4603:2610% 1
Oliver Ekman-LarssonD0000011321:490:0002:0000% 0
Rasmus SandinD0000440114:430:0000:0000% 0
Roman Josi D1012002023:260:4612:3600% 0
Ryan O'ReillyC/LW2133002021:130:4613:26067% 30
Tony DeAngeloD0112020023:260:4602:3600% 0
Yegor SharangovichC/LW000000206:170:0000:0000% 0



Play-by-Play

1st period


0:01 of 1st period - Pavel Zacha wins face-off versus Ryan O'Reilly in neutral zone.
0:55 of 1st period - Ryan O'Reilly is hit by Pavel Zacha.
1:41 of 1st period - Shot by Luke Kunin.
1:41 of 1st period - Shot Misses the Net.
1:43 of 1st period - Shot by J.T. Miller.
1:43 of 1st period - Stopped by Juuse Saros without a rebound.
1:44 of 1st period - Alex Kerfoot wins face-off versus Dylan Strome in EDMONTON Oilers zone.
1:57 of 1st period - Shot by Alex Galchenyuk.
1:57 of 1st period - Shot Misses the Net.
1:59 of 1st period - Shot by Alex Galchenyuk.
1:59 of 1st period - Stopped by Juuse Saros without a rebound.
2:00 of 1st period - Kirby Dach wins face-off versus Casey Cizikas in EDMONTON Oilers zone.
2:14 of 1st period - Icing by Jack Johnson.
2:15 of 1st period - Kirby Dach wins face-off versus Nico Hischier in LAS VEGAS Golden Knights zone.
3:10 of 1st period - Anthony Cirelli is hit by Joona Koppanen and loses puck.
3:28 of 1st period - Off-side.
3:29 of 1st period - J.T. Miller wins face-off versus Casey Cizikas in neutral zone.
3:48 of 1st period - Jakub Zboril is hit by Mackenzie Entwistle and loses puck.
3:59 of 1st period - Shot by Yegor Sharangovich.
3:59 of 1st period - Stopped by Dan Vladar without a rebound.
4:00 of 1st period - Ryan O'Reilly wins face-off versus Cole Caufield in LAS VEGAS Golden Knights zone.
4:01 of 1st period - Shot by Arthur Kaliyev.
4:01 of 1st period - Shot Misses the Net.
4:12 of 1st period - Icing by Oliver Ekman-Larsson.
4:13 of 1st period - Ryan O'Reilly wins face-off versus Alex Kerfoot in EDMONTON Oilers zone.
5:22 of 1st period - Shot by Mitch Marner.
5:22 of 1st period - Stopped by Dan Vladar with a rebound.
5:36 of 1st period - Shot by Pavel Zacha.
5:36 of 1st period - Stopped by Juuse Saros without a rebound.
5:37 of 1st period - Dylan Strome wins face-off versus J.T. Miller in EDMONTON Oilers zone.
6:00 of 1st period - Luke Kunin is hit by Anthony Cirelli and loses puck.
6:17 of 1st period - Shot by J.T. Miller.
6:17 of 1st period - Deflect By Artem Anisimov.
6:17 of 1st period - Goal by Artem Anisimov - LAS VEGAS Golden Knights : 1 - EDMONTON Oilers : 0.
6:18 of 1st period - Nico Hischier wins face-off versus Pavel Zacha in neutral zone.
6:49 of 1st period - Shot by Pavel Zacha.
6:49 of 1st period - Stopped by Juuse Saros without a rebound.
6:50 of 1st period - Ryan O'Reilly wins face-off versus Alex Kerfoot in EDMONTON Oilers zone.
6:50 of 1st period - Roman Josi is hit by Keegan Kolesar and loses puck.
6:58 of 1st period - Arthur Kaliyev is hit by Nikita Zaitsev and loses puck.
7:30 of 1st period - Icing by Tony DeAngelo.
7:31 of 1st period - Ryan O'Reilly wins face-off versus Pavel Zacha in EDMONTON Oilers zone.
7:35 of 1st period - Roman Josi is hit by Pavel Zacha and loses puck.
8:56 of 1st period - Off-side.
8:57 of 1st period - J.T. Miller wins face-off versus Casey Cizikas in neutral zone.
9:17 of 1st period - Luke Kunin is hit by Rasmus Sandin and loses puck.
9:21 of 1st period - Minor Penalty to Rasmus Sandin for Hooking.
9:22 of 1st period - Ryan O'Reilly wins face-off versus J.T. Miller in EDMONTON Oilers zone.
11:27 of 1st period - Icing by Jonas Siegenthaler.
11:28 of 1st period - Kirby Dach wins face-off versus Dylan Strome in EDMONTON Oilers zone.
13:00 of 1st period - Shot by Mitch Marner.
13:00 of 1st period - Stopped by Dan Vladar without a rebound.
13:01 of 1st period - Ryan O'Reilly wins face-off versus Pavel Zacha in LAS VEGAS Golden Knights zone.
13:02 of 1st period - Shot by Roman Josi .
13:02 of 1st period - Shot Misses the Net.
13:11 of 1st period - Tony DeAngelo is hit by Ryan Nugent-Hopkins and loses puck.
13:17 of 1st period - Icing by Tony DeAngelo.
13:18 of 1st period - J.T. Miller wins face-off versus Ryan O'Reilly in EDMONTON Oilers zone.
13:24 of 1st period - Off-side.
13:25 of 1st period - Nico Hischier wins face-off versus J.T. Miller in neutral zone.
13:25 of 1st period - Nico Hischier is hit by Luke Kunin.
13:33 of 1st period - Shot by Clayton Keller.
13:33 of 1st period - Stopped by Dan Vladar without a rebound.
13:34 of 1st period - Pavel Zacha wins face-off versus Ryan O'Reilly in LAS VEGAS Golden Knights zone.
13:36 of 1st period - Icing by Ryan Nugent-Hopkins.
13:37 of 1st period - Pavel Zacha wins face-off versus Ryan O'Reilly in LAS VEGAS Golden Knights zone.
14:22 of 1st period - Shot by Ryan O'Reilly.
14:22 of 1st period - Shot Misses the Net.
14:56 of 1st period - Jack Johnson is hit by Clayton Keller and loses puck.
15:03 of 1st period - Shot by Mitch Marner.
15:03 of 1st period - Stopped by Dan Vladar with a rebound.
15:20 of 1st period - Icing by Nick Seeler.
15:21 of 1st period - J.T. Miller wins face-off versus Dylan Strome in LAS VEGAS Golden Knights zone.
15:30 of 1st period - Icing by Jonas Siegenthaler.
15:31 of 1st period - Dylan Strome wins face-off versus Alex Kerfoot in EDMONTON Oilers zone.
16:30 of 1st period - Arthur Kaliyev is hit by Nikita Zaitsev and loses puck.
16:49 of 1st period - Alex Kerfoot is hit by Arthur Kaliyev and loses puck.
17:20 of 1st period - Shot by Pavel Zacha.
17:20 of 1st period - Stopped by Juuse Saros without a rebound.
17:21 of 1st period - J.T. Miller wins face-off versus Nico Hischier in EDMONTON Oilers zone.
17:26 of 1st period - Shot by Luke Kunin.
17:26 of 1st period - Stopped by Juuse Saros without a rebound.
17:27 of 1st period - Nico Hischier wins face-off versus Pavel Zacha in EDMONTON Oilers zone.
17:54 of 1st period - Shot by Pavel Zacha.
17:54 of 1st period - Shot Blocked by Oliver Ekman-Larsson.
19:32 of 1st period - Shot by Arthur Kaliyev.
19:32 of 1st period - Shot Misses the Net.
19:34 of 1st period - Shot by Ryan O'Reilly.
19:34 of 1st period - Shot Blocked by Jack Johnson.
19:36 of 1st period - Shot by Nikolaj Ehlers.
19:36 of 1st period - Stopped by Dan Vladar without a rebound.
19:37 of 1st period - Kirby Dach wins face-off versus Dylan Strome in LAS VEGAS Golden Knights zone.
Goals for this period are 1 for LAS VEGAS Golden Knights vs 0 for EDMONTON Oilers .
Shots for this period are 7 for LAS VEGAS Golden Knights vs 6 for EDMONTON Oilers .

2nd period


0:01 of 2nd period - Pavel Zacha wins face-off versus Ryan O'Reilly in neutral zone.
0:16 of 2nd period - Shot by Nikolaj Ehlers.
0:16 of 2nd period - Shot Blocked by Jakub Zboril.
0:18 of 2nd period - Shot by Ryan O'Reilly.
0:18 of 2nd period - Goal by Ryan O'Reilly - LAS VEGAS Golden Knights : 1 - EDMONTON Oilers : 1.
0:19 of 2nd period - J.T. Miller wins face-off versus Nico Hischier in neutral zone.
0:33 of 2nd period - Shot by Mitch Marner.
0:33 of 2nd period - Shot Misses the Net.
0:36 of 2nd period - Icing by Nikita Zaitsev.
0:37 of 2nd period - Ryan O'Reilly wins face-off versus J.T. Miller in LAS VEGAS Golden Knights zone.
0:38 of 2nd period - Shot by Roman Josi .
0:38 of 2nd period - Goal by Roman Josi - LAS VEGAS Golden Knights : 1 - EDMONTON Oilers : 2.
0:39 of 2nd period - Ryan O'Reilly wins face-off versus Pavel Zacha in neutral zone.
0:39 of 2nd period - Roman Josi is hit by Cole Caufield and loses puck.
0:58 of 2nd period - Icing by Tony DeAngelo.
0:59 of 2nd period - J.T. Miller wins face-off versus Ryan O'Reilly in EDMONTON Oilers zone.
1:43 of 2nd period - Luke Kunin is hit by Tony DeAngelo and loses puck.
2:29 of 2nd period - Shot by Cole Caufield.
2:29 of 2nd period - Deflect By Ryan Nugent-Hopkins.
2:29 of 2nd period - Shot Blocked by Alexander Romanov.
2:31 of 2nd period - Shot by Pavel Zacha.
2:31 of 2nd period - Shot Misses the Net.
2:33 of 2nd period - Shot by Jakub Zboril.
2:33 of 2nd period - Shot Misses the Net.
2:42 of 2nd period - Off-side.
2:43 of 2nd period - Alex Kerfoot wins face-off versus Dylan Strome in neutral zone.
2:45 of 2nd period - Keegan Kolesar is hit by Jonas Siegenthaler and loses puck.
3:16 of 2nd period - Alex Kerfoot is hit by Jonas Siegenthaler and loses puck.
3:19 of 2nd period - Shot by Jack Johnson.
3:19 of 2nd period - Shot Blocked by Dylan Strome.
3:32 of 2nd period - Icing by Anthony Cirelli.
3:33 of 2nd period - Luke Kunin wins face-off versus Dylan Strome in EDMONTON Oilers zone.
3:33 of 2nd period - J.T. Miller is hit by Rasmus Sandin and loses puck.
3:56 of 2nd period - Minor Penalty to Rasmus Sandin for Hooking.
3:57 of 2nd period - Ryan O'Reilly wins face-off versus Ryan Nugent-Hopkins in EDMONTON Oilers zone.
4:30 of 2nd period - Shot by Nick Seeler.
4:30 of 2nd period - Shot Misses the Net.
4:32 of 2nd period - Shot by Filip Hronek.
4:32 of 2nd period - Shot Misses the Net.
4:34 of 2nd period - Shot by Cole Caufield.
4:34 of 2nd period - Goal by Cole Caufield - LAS VEGAS Golden Knights : 2 - EDMONTON Oilers : 2.
4:35 of 2nd period - J.T. Miller wins face-off versus Nico Hischier in neutral zone.
4:35 of 2nd period - J.T. Miller is hit by Clayton Keller.
5:01 of 2nd period - Shot by Nikita Zaitsev.
5:01 of 2nd period - Stopped by Juuse Saros without a rebound.
5:02 of 2nd period - Kirby Dach wins face-off versus Casey Cizikas in EDMONTON Oilers zone.
5:21 of 2nd period - Shot by Yegor Sharangovich.
5:21 of 2nd period - Stopped by Dan Vladar without a rebound.
5:22 of 2nd period - Ryan O'Reilly wins face-off versus Pavel Zacha in LAS VEGAS Golden Knights zone.
5:45 of 2nd period - Shot by Pavel Zacha.
5:45 of 2nd period - Shot Misses the Net.
7:37 of 2nd period - Shot by Keegan Kolesar.
7:37 of 2nd period - Deflect By Alex Kerfoot.
7:37 of 2nd period - Stopped by Juuse Saros without a rebound.
7:38 of 2nd period - Pavel Zacha wins face-off versus Casey Cizikas in EDMONTON Oilers zone.
7:53 of 2nd period - Shot by Mackenzie Entwistle.
7:53 of 2nd period - Stopped by Dan Vladar with a rebound.
8:10 of 2nd period - Icing by Pavel Zacha.
8:11 of 2nd period - Pavel Zacha wins face-off versus Dylan Strome in LAS VEGAS Golden Knights zone.
8:21 of 2nd period - Icing by Cole Caufield.
8:22 of 2nd period - Ryan Nugent-Hopkins wins face-off versus Nico Hischier in LAS VEGAS Golden Knights zone.
9:19 of 2nd period - Shot by Arthur Kaliyev.
9:19 of 2nd period - Shot Blocked by Luke Kunin.
9:33 of 2nd period - Shot by Artem Anisimov.
9:33 of 2nd period - Stopped by Juuse Saros without a rebound.
9:34 of 2nd period - Alex Kerfoot wins face-off versus Dylan Strome in EDMONTON Oilers zone.
11:46 of 2nd period - Shot by Cole Caufield.
11:46 of 2nd period - Stopped by Juuse Saros without a rebound.
11:47 of 2nd period - Ryan O'Reilly wins face-off versus J.T. Miller in EDMONTON Oilers zone.
11:47 of 2nd period - Ryan O'Reilly is hit by Luke Kunin.
12:53 of 2nd period - Shot by Alex Galchenyuk.
12:53 of 2nd period - Stopped by Juuse Saros without a rebound.
12:54 of 2nd period - Dylan Strome wins face-off versus Pavel Zacha in EDMONTON Oilers zone.
13:20 of 2nd period - Shot by Pavel Zacha.
13:20 of 2nd period - Stopped by Juuse Saros without a rebound.
13:21 of 2nd period - Alex Kerfoot wins face-off versus Casey Cizikas in EDMONTON Oilers zone.
13:43 of 2nd period - Icing by Alexander Romanov.
13:44 of 2nd period - Pavel Zacha wins face-off versus Casey Cizikas in EDMONTON Oilers zone.
14:18 of 2nd period - Off-side.
14:19 of 2nd period - J.T. Miller wins face-off versus Nikolaj Ehlers in neutral zone.
14:22 of 2nd period - Shot by Artem Anisimov.
14:22 of 2nd period - Shot Misses the Net.
14:36 of 2nd period - Shot by J.T. Miller.
14:36 of 2nd period - Deflect By Artem Anisimov.
14:36 of 2nd period - Stopped by Juuse Saros without a rebound.
14:37 of 2nd period - Alex Kerfoot wins face-off versus Nico Hischier in EDMONTON Oilers zone.
14:42 of 2nd period - Shot by Keegan Kolesar.
14:42 of 2nd period - Shot Misses the Net.
14:44 of 2nd period - Shot by Alex Galchenyuk.
14:44 of 2nd period - Stopped by Juuse Saros with a rebound.
14:50 of 2nd period - Shot by Alex Kerfoot.
14:50 of 2nd period - Stopped by Juuse Saros without a rebound.
14:51 of 2nd period - Ryan O'Reilly wins face-off versus Pavel Zacha in EDMONTON Oilers zone.
15:39 of 2nd period - Icing by Arthur Kaliyev.
15:40 of 2nd period - Ryan O'Reilly wins face-off versus J.T. Miller in EDMONTON Oilers zone.
15:47 of 2nd period - Shot by J.T. Miller.
15:47 of 2nd period - Shot Misses the Net.
15:49 of 2nd period - Shot by Luke Kunin.
15:49 of 2nd period - Shot Misses the Net.
15:51 of 2nd period - Shot by Luke Kunin.
15:51 of 2nd period - Stopped by Juuse Saros with a rebound.
16:32 of 2nd period - Nikolaj Ehlers is hit by Joona Koppanen and loses puck.
17:11 of 2nd period - Shot by Philip Kurashev.
17:11 of 2nd period - Stopped by Juuse Saros without a rebound.
17:12 of 2nd period - Pavel Zacha wins face-off versus Nico Hischier in EDMONTON Oilers zone.
17:12 of 2nd period - Pavel Zacha is hit by Oliver Ekman-Larsson.
17:23 of 2nd period - Icing by Cole Caufield.
17:24 of 2nd period - Pavel Zacha wins face-off versus Dylan Strome in LAS VEGAS Golden Knights zone.
17:50 of 2nd period - Ryan Nugent-Hopkins is hit by Rasmus Sandin.
17:54 of 2nd period - Shot by Pavel Zacha.
17:54 of 2nd period - Shot Misses the Net.
17:56 of 2nd period - Shot by Pavel Zacha.
17:56 of 2nd period - Stopped by Juuse Saros without a rebound.
17:57 of 2nd period - J.T. Miller wins face-off versus Nico Hischier in EDMONTON Oilers zone.
17:57 of 2nd period - Nick Seeler is hit by Alexander Romanov.
17:59 of 2nd period - Shot by J.T. Miller.
17:59 of 2nd period - Deflect By Artem Anisimov.
17:59 of 2nd period - Stopped by Juuse Saros without a rebound.
18:00 of 2nd period - J.T. Miller wins face-off versus Nico Hischier in EDMONTON Oilers zone.
18:03 of 2nd period - Shot by J.T. Miller.
18:03 of 2nd period - Shot Misses the Net.
18:10 of 2nd period - Mitch Marner is hit by Nick Seeler.
18:23 of 2nd period - Mitch Marner is hit by Nick Seeler and loses puck.
18:28 of 2nd period - Shot by Nico Hischier.
18:28 of 2nd period - Shot Blocked by Jack Johnson.
18:30 of 2nd period - Shot by Clayton Keller.
18:30 of 2nd period - Shot Blocked by Nick Seeler.
18:32 of 2nd period - Shot by Oliver Ekman-Larsson.
18:32 of 2nd period - Stopped by Dan Vladar without a rebound.
18:33 of 2nd period - Pavel Zacha wins face-off versus Dylan Strome in LAS VEGAS Golden Knights zone.
19:02 of 2nd period - Shot by Pavel Zacha.
19:02 of 2nd period - Shot Blocked by Rasmus Sandin.
19:12 of 2nd period - Shot by Dylan Strome.
19:12 of 2nd period - Stopped by Dan Vladar without a rebound.
19:13 of 2nd period - Nico Hischier wins face-off versus Luke Kunin in LAS VEGAS Golden Knights zone.
19:46 of 2nd period - Shot by Mitch Marner.
19:46 of 2nd period - Shot Misses the Net.
19:48 of 2nd period - Shot by Oliver Ekman-Larsson.
19:48 of 2nd period - Shot Misses the Net.
19:50 of 2nd period - Shot by Mitch Marner.
19:50 of 2nd period - Stopped by Dan Vladar without a rebound.
19:51 of 2nd period - Ryan O'Reilly wins face-off versus Alex Kerfoot in LAS VEGAS Golden Knights zone.
19:51 of 2nd period - Ryan O'Reilly is hit by Nick Seeler.
Goals for this period are 1 for LAS VEGAS Golden Knights vs 2 for EDMONTON Oilers .
Shots for this period are 14 for LAS VEGAS Golden Knights vs 7 for EDMONTON Oilers .

3rd period


0:01 of 3rd period - Pavel Zacha wins face-off versus Nico Hischier in neutral zone.
0:29 of 3rd period - Roman Josi is hit by Pavel Zacha and loses puck.
1:18 of 3rd period - Shot by Alex Galchenyuk.
1:18 of 3rd period - Stopped by Juuse Saros without a rebound.
1:19 of 3rd period - J.T. Miller wins face-off versus Dylan Strome in EDMONTON Oilers zone.
1:23 of 3rd period - Icing by Anthony Cirelli.
1:24 of 3rd period - Dylan Strome wins face-off versus J.T. Miller in EDMONTON Oilers zone.
3:07 of 3rd period - Shot by Nico Hischier.
3:07 of 3rd period - Shot Blocked by Jack Johnson.
3:28 of 3rd period - Shot by Ryan Nugent-Hopkins.
3:28 of 3rd period - Stopped by Juuse Saros with a rebound.
4:21 of 3rd period - Nikita Zaitsev is hit by Mitch Marner and loses puck.
4:46 of 3rd period - Minor Penalty to Nikita Zaitsev for High sticking.
4:47 of 3rd period - Ryan O'Reilly wins face-off versus Ryan Nugent-Hopkins in LAS VEGAS Golden Knights zone.
5:18 of 3rd period - Shot by Roman Josi .
5:18 of 3rd period - Stopped by Dan Vladar without a rebound.
5:19 of 3rd period - J.T. Miller wins face-off versus Ryan O'Reilly in LAS VEGAS Golden Knights zone.
5:32 of 3rd period - Shot by Ryan O'Reilly.
5:32 of 3rd period - Goal by Ryan O'Reilly - LAS VEGAS Golden Knights : 2 - EDMONTON Oilers : 3.
5:33 of 3rd period - Dylan Strome wins face-off versus Kirby Dach in neutral zone.
5:33 of 3rd period - Rasmus Sandin is hit by Joona Koppanen and loses puck.
6:12 of 3rd period - Shot by Philip Kurashev.
6:12 of 3rd period - Stopped by Juuse Saros without a rebound.
6:13 of 3rd period - Casey Cizikas wins face-off versus J.T. Miller in EDMONTON Oilers zone.
6:13 of 3rd period - Casey Cizikas is hit by J.T. Miller.
6:18 of 3rd period - Off-side.
6:19 of 3rd period - Pavel Zacha wins face-off versus Ryan O'Reilly in neutral zone.
6:19 of 3rd period - Pavel Zacha is hit by Arthur Kaliyev.
6:30 of 3rd period - Icing by Roman Josi .
6:31 of 3rd period - Ryan O'Reilly wins face-off versus J.T. Miller in EDMONTON Oilers zone.
6:47 of 3rd period - Icing by Nick Seeler.
6:48 of 3rd period - J.T. Miller wins face-off versus Nico Hischier in LAS VEGAS Golden Knights zone.
6:55 of 3rd period - Shot by J.T. Miller.
6:55 of 3rd period - Shot Misses the Net.
6:57 of 3rd period - Shot by Jack Johnson.
6:57 of 3rd period - Stopped by Juuse Saros with a rebound.
6:59 of 3rd period - Shot by Luke Kunin.
6:59 of 3rd period - Stopped by Juuse Saros with a rebound.
7:09 of 3rd period - Shot by Clayton Keller.
7:09 of 3rd period - Shot Misses the Net.
7:15 of 3rd period - Shot by Artem Anisimov.
7:15 of 3rd period - Shot Blocked by Oliver Ekman-Larsson.
7:17 of 3rd period - Shot by J.T. Miller.
7:17 of 3rd period - Shot Blocked by Oliver Ekman-Larsson.
7:19 of 3rd period - Shot by J.T. Miller.
7:19 of 3rd period - Shot Blocked by Clayton Keller.
7:21 of 3rd period - Shot by J.T. Miller.
7:21 of 3rd period - Shot Misses the Net.
7:23 of 3rd period - Shot by Artem Anisimov.
7:23 of 3rd period - Stopped by Juuse Saros with a rebound.
7:25 of 3rd period - Shot by Nick Seeler.
7:25 of 3rd period - Shot Blocked by Alexander Romanov.
7:50 of 3rd period - Tony DeAngelo is hit by Jakub Zboril and loses puck.
8:21 of 3rd period - Icing by Tony DeAngelo.
8:22 of 3rd period - Ryan O'Reilly wins face-off versus Alex Kerfoot in EDMONTON Oilers zone.
8:28 of 3rd period - Off-side.
8:29 of 3rd period - Alex Kerfoot wins face-off versus Casey Cizikas in neutral zone.
8:35 of 3rd period - Keegan Kolesar is hit by Rasmus Sandin and loses puck.
8:56 of 3rd period - Shot by Mackenzie Entwistle.
8:56 of 3rd period - Shot Misses the Net.
9:13 of 3rd period - Shot by Alex Kerfoot.
9:13 of 3rd period - Stopped by Juuse Saros without a rebound.
9:14 of 3rd period - Mitch Marner wins face-off versus Pavel Zacha in EDMONTON Oilers zone.
9:22 of 3rd period - Icing by Tony DeAngelo.
9:23 of 3rd period - Nico Hischier wins face-off versus Pavel Zacha in EDMONTON Oilers zone.
9:29 of 3rd period - Icing by Roman Josi .
9:30 of 3rd period - Pavel Zacha wins face-off versus Nico Hischier in EDMONTON Oilers zone.
9:52 of 3rd period - Icing by Roman Josi .
9:53 of 3rd period - Artem Anisimov wins face-off versus Nico Hischier in EDMONTON Oilers zone.
10:31 of 3rd period - J.T. Miller is hit by Tony DeAngelo and loses puck.
11:13 of 3rd period - Icing by Jakub Zboril.
11:14 of 3rd period - Pavel Zacha wins face-off versus Ryan O'Reilly in LAS VEGAS Golden Knights zone.
11:29 of 3rd period - Shot by Pavel Zacha.
11:29 of 3rd period - Shot Blocked by Alexander Romanov.
11:36 of 3rd period - Minor Penalty to Alexander Romanov for Hooking.
11:37 of 3rd period - Ryan O'Reilly wins face-off versus J.T. Miller in EDMONTON Oilers zone.
11:37 of 3rd period - Ryan O'Reilly is hit by Luke Kunin.
11:58 of 3rd period - Shot by Luke Kunin.
11:58 of 3rd period - Stopped by Juuse Saros with a rebound.
12:00 of 3rd period - Shot by Artem Anisimov.
12:00 of 3rd period - Stopped by Juuse Saros without a rebound.
12:01 of 3rd period - Ryan O'Reilly wins face-off versus Ryan Nugent-Hopkins in EDMONTON Oilers zone.
12:06 of 3rd period - Nikolaj Ehlers is hit by Ryan Nugent-Hopkins and loses puck.
12:13 of 3rd period - Ryan Nugent-Hopkins is hit by Nikolaj Ehlers and loses puck.
12:18 of 3rd period - Shot by Ryan O'Reilly.
12:18 of 3rd period - Shot Misses the Net.
12:20 of 3rd period - Shot by Nikolaj Ehlers.
12:20 of 3rd period - Stopped by Dan Vladar without a rebound.
12:21 of 3rd period - J.T. Miller wins face-off versus Ryan O'Reilly in LAS VEGAS Golden Knights zone.
12:46 of 3rd period - Shot by Nick Seeler.
12:46 of 3rd period - Shot Misses the Net.
13:26 of 3rd period - Shot by Ryan Nugent-Hopkins.
13:26 of 3rd period - Stopped by Juuse Saros with a rebound.
13:28 of 3rd period - Shot by Nikita Zaitsev.
13:28 of 3rd period - Deflect By Pavel Zacha.
13:28 of 3rd period - Shot Blocked by Jonas Siegenthaler.
13:30 of 3rd period - Shot by Jakub Zboril.
13:30 of 3rd period - Shot Blocked by Jonas Siegenthaler.
13:32 of 3rd period - Shot by Cole Caufield.
13:32 of 3rd period - Shot Misses the Net.
14:48 of 3rd period - Jack Johnson is hit by Mackenzie Entwistle and loses puck.
15:50 of 3rd period - Shot by Nico Hischier.
15:50 of 3rd period - Shot Misses the Net.
15:52 of 3rd period - Shot by Nico Hischier.
15:52 of 3rd period - Shot Blocked by Cole Caufield.
15:54 of 3rd period - Shot by Clayton Keller.
15:54 of 3rd period - Shot Blocked by Ryan Nugent-Hopkins.
15:56 of 3rd period - Shot by Roman Josi .
15:56 of 3rd period - Shot Blocked by Filip Hronek.
17:00 of 3rd period - Shot by Arthur Kaliyev.
17:00 of 3rd period - Shot Misses the Net.
17:07 of 3rd period - Shot by Nikolaj Ehlers.
17:07 of 3rd period - Goal by Nikolaj Ehlers - LAS VEGAS Golden Knights : 2 - EDMONTON Oilers : 4.
17:08 of 3rd period - J.T. Miller wins face-off versus Dylan Strome in neutral zone.
17:16 of 3rd period - Off-side.
17:17 of 3rd period - J.T. Miller wins face-off versus Dylan Strome in neutral zone.
17:17 of 3rd period - Artem Anisimov is hit by Anthony Cirelli and loses puck.
17:53 of 3rd period - Shot by Dylan Strome.
17:53 of 3rd period - Stopped by Dan Vladar without a rebound.
17:54 of 3rd period - Ryan O'Reilly wins face-off versus Alex Kerfoot in LAS VEGAS Golden Knights zone.
18:13 of 3rd period - Shot by Arthur Kaliyev.
18:13 of 3rd period - Shot Blocked by Nikita Zaitsev.
18:42 of 3rd period - Off-side.
18:43 of 3rd period - J.T. Miller wins face-off versus Nico Hischier in neutral zone.
18:54 of 3rd period - Shot by J.T. Miller.
18:54 of 3rd period - Stopped by Juuse Saros with a rebound.
Goals for this period are 0 for LAS VEGAS Golden Knights vs 2 for EDMONTON Oilers .
Shots for this period are 11 for LAS VEGAS Golden Knights vs 5 for EDMONTON Oilers .